 Dungeon Crawl Stone Soup version 0.19-a0-607-g42021f0 (webtiles) character file.

216 st0uf the Chopper (level 5, 0/47 HPs)
             Began as a Hill Orc Fighter on June 12, 2016.
             Slain by an adder (1 damage)
             ... on level 4 of the Dungeon.
             The game lasted 00:07:55 (2056 turns).

st0uf the Chopper (Hill Orc Fighter)                Turns: 2056, Time: 00:07:56

Health: 0/47       AC:  7    Str: 24    XL:     5   Next: 93%
Magic:  5/5        EV:  9    Int:  8    God:
Gold:   76         SH: 10    Dex: 11    Spells: 0 memorised, 4 levels left

rFire  . . .     SeeInvis .     a - +0 war axe (chop)
rCold  . . .     Gourm    .     s - +2 ring mail {rN+}
rNeg   + . .     Faith    .     c - +0 shield
rPois  +         Spirit   .     (no helmet)
rElec  .         Dismiss  .     (no cloak)
rCorr  .         Reflect  .     (no gloves)
SustAt .         Harm     .     (no boots)
MR     .....                    (no amulet)
Stlth  +.........               (no ring)
                                q - ring of poison resistance

@: mighty, not resistant to hostile enchantments, very unstealthy
A: no striking features
a: no special abilities


You were on level 4 of the Dungeon.
You were not hungry.

You visited 1 branch of the dungeon, and saw 4 of its levels.

You collected 76 gold pieces.

Inventory:

Hand Weapons
 a - a +0 war axe of chopping (weapon)
Missiles
 t - 4 javelins (quivered)
Armour
 c - a +0 shield (worn)
 s - a +2 ring mail of positive energy (worn)
Jewellery
 q - a ring of poison resistance (left hand)
Scrolls
 b - a scroll of random uselessness {unknown}
 e - a scroll of magic mapping {unknown}
 g - 4 scrolls of identify {unknown}
 j - a scroll of remove curse {unknown}
 l - 2 scrolls of teleportation {unknown}
 m - a scroll of enchant armour {unknown}
 o - a scroll of enchant weapon {unknown}
 p - a scroll of fog {unknown}
 u - a scroll of immolation {unknown}
Potions
 h - a potion of berserk rage {unknown}
 k - 3 potions of resistance {unknown}
 r - a potion of haste {unknown}
 v - a potion of cure mutation {unknown}
 w - a potion of heal wounds {unknown}
Comestibles
 f - a bread ration
 i - 4 chunks of flesh
 n - a meat ration


   Skills:
 + Level 4.5 Fighting
 * Level 5.1 Axes
 * Level 1.1 Throwing
 + Level 4.0 Armour
 + Level 1.1 Dodging
 + Level 4.0 Shields


You had 4 spell levels left.
You didn't know any spells.

Dungeon Overview and Level Annotations

Branches:
Dungeon (4/15)
 Temple: D:4-7

Altars:
Qazlal
Xom


Message History

You block the jackal's attack.
You closely miss the adder. You slash the howler monkey!
The howler monkey is severely wounded.
You hit the jackal.
You kill the jackal!
Your Throwing skill increases to level 1!
The adder barely misses you. The howler monkey hits you.
* * * LOW HITPOINT WARNING * * *
The adder bites you.
* * * LOW HITPOINT WARNING * * *
The howler monkey barely misses you.
Your shield and ring mail prevent you from hitting the adder.
You closely miss the jackal. You slash the howler monkey!
You kill the howler monkey!
Your Axes skill increases to level 5!
Your Armour skill increases to level 4!
The jackal bites you but does no damage.
The adder bites you but does no damage.
The jackal bites you but does no damage.
The adder bites you.
You die...

...>.?.%.#
.........#
.........#
.........#
$........#
.......h.#
......h..#
......S@.#
####.#####


You could see an adder and 2 jackals.

Vanquished Creatures
  A howler monkey (D:4)
  2 jellies (D:2)
  An orc wizard (D:3)
  2 adders (D:2)
  A worm (D:3)
  A dart slug (D:2)
  3 giant geckos
  4 orcs (D:3)
  A ball python (D:1)
  5 bats
  2 giant cockroaches
  5 goblins
  10 hobgoblins
  10 jackals
  A quokka (D:2)
  A sheep (D:2)
  2 giant newts
  5 kobolds
  2 rats (D:1)
59 creatures vanquished.

Notes
Turn   | Place    | Note
--------------------------------------------------------------
     0 | D:1      | st0uf the Hill Orc Fighter began the quest for the Orb.
     0 | D:1      | Reached XP level 1. HP: 19/19 MP: 1/1
   306 | D:1      | Reached XP level 2. HP: 27/27 MP: 2/2
   412 | D:1      | Reached skill level 3 in Axes
   684 | D:1      | Reached XP level 3. HP: 33/33 MP: 3/3
  1193 | D:2      | Reached XP level 4. HP: 38/40 MP: 4/4
  1332 | D:2      | Reached skill level 4 in Axes
  1375 | D:2      | Found a shimmering altar of Xom.
  1386 | D:2      | Found a stormy altar of Qazlal.
  1386 | D:2      | Noticed a fire elemental
  1387 | D:2      | Noticed a water elemental
  1388 | D:2      | Noticed an air elemental
  1388 | D:2      | Noticed an earth elemental
  1769 | D:2      | Reached skill level 1 in Dodging
  1769 | D:2      | Reached XP level 5. HP: 28/47 MP: 5/5
  1987 | D:3      | Noticed an orc warrior
  2055 | D:4      | Reached skill level 1 in Throwing
  2055 | D:4      | HP: 2/47 [howler monkey (5)]
  2056 | D:4      | Reached skill level 5 in Axes
  2056 | D:4      | Slain by an adder

Vault maps used:
D:1:      elethiomel_arrival_shortcut
D:2:      nicolae_qazlal_style_of_elements, dk_xom_monty_hall
D:3:      kennysheep_the_goblin_king
D:4:      minmay_door_path, temple_statues, first_bread, uniq_pikel,
          uniq_eustachio

Skill      XL: |  1  2  3  4  5 |
---------------+----------------+-----
Fighting       | 4 |  4.5
Axes           | 3 4 5 |  5.1
Dodging        | 1 |  1.1
Shields        | 4 |  4.0
Throwing       | 1 |  1.1
Armour         | 4 |  4.0

Action                   |  1- 3 |  4- 6 || total
-------------------------+-------+-------++-------
Melee: War axe           |   117 |    76 ||   193
Throw: Javelin           |       |     2 ||     2
  Use: Potion            |       |     1 ||     1
  Eat: Chunk             |     1 |     3 ||     4
Armor: Scale mail        |    56 |       ||    56
       Ring mail         |     6 |    21 ||    27
Dodge: Dodged            |    49 |    27 ||    76
Block: Shield            |    64 |    33 ||    97
